[Event "Romanian Team Blitz Women 2022"]
[Site "Sebes"]
[Date "2022.12.04"]
[Round "5.1"]
[White "Sariteanu, Sabina"]
[Black "Ionica, Iulia-Ionela"]
[Result "0-1"]
[ECO "B92"]
[WhiteElo "1752"]
[BlackElo "2177"]
[Annotator "TA"]
[PlyCount "56"]
[EventDate "2022.12.04"]
[EventType "blitz"]
[EventCountry "ROU"]
[SourceTitle "playchess.com"]
[Source "ChessBase"]
[SourceQuality "1"]
[TimeControl "180+2"]

1. e4 c5 2. Nf3 d6 3. d4 cxd4 4. Nxd4 Nf6 5. Nc3 a6 6. Be2 e5 7. Nb3 Be7 8. Be3 Be6 9. Qd2 O-O 10. Rd1 {[%emt 0:00:19] B92: Sicilian Najdorf: 6 Be2.} b5 11. a3 Nbd7 12. f3 {[%emt 0:00:08] [#] The position is equal.} Nc5 $146 ({Black should play} 12... Nb6 $15) ({Predecessor:} 12... Qc7 13. O-O Rac8 14. f4 Rfd8 15. Qe1 exf4 16. Bxf4 Nf8 17. Nd4 Ng6 {0-1 (37) Hervada Serrano,D (1708)-Calvo Gonzalez,J (2082) Salobrena 2022}) 13. Nc1 (13. Nxc5 $14 dxc5 14. Nd5) 13... Qc7 14. O-O Rab8 15. Nd3 Nb7 (15... Nxd3 $11 16. Bxd3 (16. Qxd3 Rfc8 $11) 16... h6) 16. Na2 $2 {[%emt 0:00:05] [#]} d5 ({Black should try} 16... Bxa2 $19 17. Nb4 Be6 18. Nxa6 Qc6 19. Nxb8 Rxb8) 17. Nab4 $15 dxe4 (17... d4 $11 {remains equal.} 18. Bf2 (18. Nxa6 dxe3 19. Qxe3 Qc8 $15) 18... Ra8) 18. Nxa6 $16 Qc8 19. Nxe5 Ra8 20. Bxb5 {[%emt 0:00:03] And now Nc6 would win.} Nd6 $2 {[%emt 0:00:16] [#]} (20... exf3 $16 {might work better.} 21. gxf3 (21. Rxf3 Rd8 $14) 21... Bd6) 21. Be2 $2 (21. Nc6 $1 $18 Nf5 22. fxe4) 21... Rxa6 $17 22. Bxa6 Qxa6 23. f4 $2 (23. Rfe1 $17) 23... Rc8 {[%emt 0:00:08] Threatens to win with ...Nd5.} 24. Rc1 $2 (24. Kh1 {was called for.}) 24... Ng4 {[%emt 0:00:03] aiming for ...Nxe3.} 25. Bd4 (25. Rfe1 $142) 25... Nxe5 {[%emt 0:00:04] Really sharp!} 26. fxe5 Nf5 27. c3 (27. Rxf5 Bxf5 28. c3) 27... e3 $19 28. Qe1 Nxd4 {[%emt 0:00:10] Weighted Error Value: White=1.15/Black=0.60} 0-1

[Event "Romanian Team Blitz Women 2022"]
[Site "Sebes"]
[Date "2022.12.04"]
[Round "5.2"]
[White "Visanescu, Daria-Ioana"]
[Black "Chicarosie, Ioana-Bianca"]
[Result "1-0"]
[ECO "B22"]
[WhiteElo "2117"]
[BlackElo "1815"]
[Annotator "TA"]
[PlyCount "120"]
[EventDate "2022.12.04"]
[EventType "blitz"]
[EventCountry "ROU"]
[SourceTitle "playchess.com"]
[Source "ChessBase"]
[SourceQuality "1"]
[TimeControl "180+2"]

1. e4 c5 2. c3 d5 3. exd5 Qxd5 4. d4 Nf6 5. Nf3 Bg4 6. Be2 e6 7. a3 cxd4 8. cxd4 Nc6 9. Nc3 Qd8 10. Be3 Be7 11. O-O O-O 12. h3 Bh5 13. Qd2 {[%emt 0:00:04] B22: Sicilian: 2 c3.} Nd5 14. Rac1 Rc8 15. Rfd1 {[%emt 0:00:05] [#] The position is equal.} Bf6 $146 (15... Nxe3 $15 16. fxe3 Na5) ({Predecessor:} 15... Na5 16. Qe1 Bg6 17. Nxd5 Qxd5 18. Bd3 Rxc1 19. Bxc1 Nb3 20. Bxg6 hxg6 21. Qc3 Rd8 {½-½ (27) Teh,E-Liu,Y Singapore 2008}) 16. Ne4 Bg6 17. Nxf6+ Nxf6 18. Bd3 (18. Ne5 $11) 18... Ne4 19. Qe2 Ne7 20. Nh4 Nf6 21. Bg5 Ned5 (21... Qxd4 $2 22. Rxc8 Rxc8 23. Bxg6 $18) (21... Bxd3 {is interesting.} 22. Qxd3 Nfd5 23. Rc5 Qd7) 22. Rxc8 Qxc8 23. Nf3 Qc7 (23... Bxd3 {simplifies} 24. Qxd3 Qb8 25. Bxf6 Nxf6 26. Rc1 Nd5) 24. Rc1 Qb6 25. b4 Rd8 26. Bc4 Rd7 (26... Rc8 $11) 27. Ne5 Rc7 28. Rd1 $2 (28. Qb2 $11 {and White has nothing to worry.}) 28... a5 $2 (28... Nc3 $19 29. Qf3 Nxd1 30. Qxd1 h6) 29. bxa5 Qxa5 30. Bxd5 {[%emt 0:00:09] [#] Hoping for Bf3.} (30. Qb2 {simplifies} Qc3 31. Qxc3 Nxc3 32. Re1) 30... Nxd5 (30... Rc2 {simplifies} 31. Rd2 Rxd2 32. Bxd2 Qxd5 33. Qe3 Qd8) 31. Bd8 $36 {[%emt 0:00:01][%cal Bg5d8,Bd8c7,Bc7a5,Ba5d2,Bd2f4][%mdl 2080] White has the initiative.} Nc3 $2 {[%emt 0:00:05][%mdl 8192] Black is now going downhill.} (31... Rc2 $1 $11 {and Black stays safe.} 32. Bxa5 Rxe2) 32. Qd2 $18 {[%emt 0:00:02] aiming for Re1.} Qa6 33. Bxc7 Nxd1 34. Qxd1 Qxa3 35. Kh2 Qe7 36. Ba5 Qa3 37. Bd2 Be4 38. f3 Bd5 39. Bf4 b5 40. Qc1 {[%emt 0:00:01] Inhibits f6.} Qxc1 41. Bxc1 b4 42. Nd3 b3 43. Kg3 Bc4 44. Nb2 Bd5 45. Kf4 Kf8 46. g4 Ke7 47. Ke3 Kd6 (47... g5 {was necessary.} 48. Na4 Bc6) 48. Bd2 Kc6 (48... g5 {was called for.} 49. Bb4+ Kd7) 49. Bb4 Kb5 50. Bc3 g6 $2 (50... g5 51. Be1 h6) 51. g5 Kb6 52. f4 Kb5 53. h4 Kb6 54. Nd3 Kb5 55. Nb2 Kb6 $1 56. Kd3 Kb5 57. Nd1 Bc4+ 58. Kd2 {[%emt 0:00:02] [#] Threatens to win with Ne3.} Bd5 59. Ne3 {[%emt 0:00:01] Nxd5 is the strong threat.} Be4 60. Ng4 Bd5 {[%emt 0:00:05] Weighted Error Value: White=0.31/Black=0.39} 1-0

[Event "Romanian Team Blitz Women 2022"]
[Site "Sebes"]
[Date "2022.12.04"]
[Round "5.3"]
[White "Hoanca, Alexia-Ioana"]
[Black "Bucur, Denisa-Andreea"]
[Result "1/2-1/2"]
[ECO "B12"]
[WhiteElo "1644"]
[BlackElo "1953"]
[Annotator "TA"]
[PlyCount "94"]
[EventDate "2022.12.04"]
[EventType "blitz"]
[EventCountry "ROU"]
[SourceTitle "playchess.com"]
[Source "ChessBase"]
[SourceQuality "1"]
[TimeControl "180+2"]

1. e4 c6 2. d4 d5 3. f3 e6 4. Nc3 Bb4 5. Bf4 Ne7 6. Qd3 {[%emt 0:00:02] B12: Caro-Kann: Advance Variation.} Nd7 7. O-O-O O-O 8. Nge2 {[%emt 0:00:09] The position is equal.} b5 (8... Nb6 {keeps more tension.} 9. h4 Nc4 10. Nb1 Ng6) 9. g4 a5 10. h4 Ba6 11. Qe3 {[%emt 0:00:01] [#]} c5 $146 ({Predecessor:} 11... Nb6 12. Ng3 Ng6 13. Bg5 f6 14. h5 fxg5 15. hxg6 h6 16. exd5 Qf6 17. Nh5 Qe7 18. dxe6 Bxc3 19. Qxc3 {1-0 (38) Wojtaszewski,P (2004)-Borysiak,B (2131) Warsaw 2011}) 12. exd5 $1 Nxd5 (12... exd5 $5 13. h5 c4 $11) 13. Nxd5 exd5 14. dxc5 (14. c3 $14 cxd4 15. Qxd4) 14... Bxc5 (14... Re8 $5 15. Qd4 Nxc5 $11) 15. Qd2 Nb6 16. Nc3 (16. Qxa5 Qc8 17. Nd4 Bb7 18. Qxb5 Rxa2 $19) (16. Ng3 {looks sharper.} Nc4 17. Bxc4 dxc4 18. Qc3) 16... Qf6 17. Bg5 {[%emt 0:00:26] Inhibits b4.} (17. Bxb5 $2 {perishes.} Bxb5 18. Kb1 Bb4 $19) (17. g5 $14 Qc6 18. h5 (18. Nxd5 $2 Rad8 $17)) 17... Qc6 $11 18. Kb1 d4 ({Better is} 18... h6 $15) 19. Ne4 $14 Nc4 (19... f6 $14) 20. Bxc4 $18 bxc4 {[%emt 0:00:01] [#]} 21. Nxc5 (21. Qxa5 $2 {too greedy.} Bb5 $19) ({White must play} 21. Bf6 $1 $18 Rfe8 (21... Rfb8 22. Bxd4) 22. Qg5 (22. Bxd4 Bxd4 23. Qxd4 Qc7 $16)) 21... Qxc5 $14 22. Qxd4 Qb4 (22... Qxd4 $14 23. Rxd4 c3) 23. a3 Qb7 24. Qd7 (24. Qc3 $18) 24... Qxf3 25. Rdf1 {[%emt 0:00:09] Against c3} (25. Rhf1 {simplifies} Qb7 26. Qxb7 Bxb7 27. Bd2) 25... Qe2 (25... Qb7 {simplifies} 26. Qxb7 Bxb7 27. Rhg1 Rfe8) 26. Re1 Qg2 27. Rhg1 {[%emt 0:00:02] Prevents c3.} Qh2 ({Black should try} 27... Qf2 $14) 28. Rh1 $2 (28. Be7 $1 $18 Rfb8 29. Bd6) 28... Qg3 (28... Qg2 $1 $11) 29. Rhg1 (29. h5 $1 $16 {[%cal Rh5h6] Hoping for h6.} h6 30. Be7) 29... Qh2 $1 $18 30. Rh1 $2 (30. Be7 $1 $18 Rfb8 31. Bd6) 30... Qg3 (30... Qg2 $11 {remains equal.}) 31. Rhg1 (31. h5 $1 $16 {[%cal Rh5h6] And now h6 would win.} h6 32. Be7) 31... Qh2 32. Rh1 $2 (32. Be7 $1 $18 Rfb8 33. Bd6) 32... Qg3 (32... Qg2 $11) 33. Rhg1 Qh2 34. Rh1 $2 (34. Be7 $1 $18 Rfb8 35. Bd6) 34... Qg3 {[%emt 0:00:02] [#]} (34... Qg2 $11 {keeps the balance.}) 35. Rhg1 (35. h5 $1 $16 {[%cal Rh5h6] h6 is the strong threat.} h6 36. Be7) 35... Qh2 $1 {[%emt 0:00:02][%cal Oc4c3] [#]} 36. Rh1 $2 (36. Be7 $1 $18 Rfb8 37. Bd6) 36... Qb8 (36... Qg2 $11) 37. c3 (37. Qd2 $16) 37... Qb3 38. Bc1 {[%emt 0:00:02] Active counter play!} (38. Ka1 {simplifies} Qb5 39. Qd6 Bb7 40. Rhf1) 38... Rab8 (38... Qb5 {simplifies} 39. Qc7 Qb8 40. Qc5 Qb5) 39. Qf5 (39. Ka1 $14) 39... Qxc3 40. Qc2 $2 (40. Ka1 $15 Qb3 41. Re3) 40... Qxa3 $19 41. Rhf1 $2 (41. Re3 c3 42. Rxc3) 41... c3 {[%emt 0:00:03][%cal Oa6d3] ( -> ...Bd3!)} 42. Rf3 {[%emt 0:00:01] Against Bd3} Bc4 43. b4 Rxb4+ {[%emt 0:00:01] Black mates.} 44. Bb2 Rxb2+ 45. Kc1 Rxc2+ 46. Kxc2 Qb2+ 47. Kd1 Qd2# {[%emt 0:00:01][%mdl 32768] Never resign too early!   Weighted Error Value: White=0.87/Black=0.38. An unexpected result.} 1/2-1/2

[Event "Romanian Team Blitz Women 2022"]
[Site "Sebes"]
[Date "2022.12.04"]
[Round "5.4"]
[White "Peptan, Corina-Isabela"]
[Black "Bulmaga, Irina"]
[Result "1/2-1/2"]
[ECO "D37"]
[WhiteElo "2351"]
[BlackElo "2426"]
[Annotator "TA"]
[PlyCount "75"]
[EventDate "2022.12.04"]
[EventType "blitz"]
[EventCountry "ROU"]
[SourceTitle "playchess.com"]
[Source "ChessBase"]
[SourceQuality "1"]
[TimeControl "180+2"]

1. d4 Nf6 2. c4 e6 3. Nf3 d5 4. Nc3 Be7 5. Bf4 O-O 6. e3 Nbd7 7. h3 c5 {[%emt 0:00:01][%cal Bc7c5,Bc5c4,Bc4b3][%mdl 32] D37: Queen's Gambit Declined: 5 Bf4.} 8. cxd5 Nxd5 9. Nxd5 exd5 10. a3 Qa5+ 11. Qd2 Qxd2+ 12. Kxd2 (12. Nxd2 {simplifies} cxd4 13. exd4 Re8 14. Be2) 12... c4 {[%emt 0:00:23] [#]} 13. b3 $146 ({Predecessor:} 13. g4 b5 14. Bg2 Nb6 15. Ke2 a5 16. Nd2 Be6 17. Rhc1 Rfc8 18. e4 dxe4 19. Nxe4 {½-½ (34) Binder,M (2004)-Fedorovsky,M (2392) Schwarzach 2013}) 13... cxb3 {[%emt 0:00:10] Strongly threatening ...Nf6.} 14. Kc3 Nf6 {[%emt 0:00:03] And now ...Bf5 would win.} 15. Bd3 {[%emt 0:00:01] Prevents Bf5.} Be6 (15... Ne4+ $17 16. Bxe4 dxe4) 16. Ng5 $15 Rac8+ 17. Kxb3 Rc6 (17... Bd7 $142) 18. Nxe6 fxe6 19. Rhc1 Nh5 {[%emt 0:00:03] [#] Hoping for ...Rb6+.} 20. Rxc6 bxc6 21. Bg3 (21. Be5 $11) 21... Nxg3 22. fxg3 {[%emt 0:00:01][%mdl 4096] Endgame KRB-KRB} c5 23. dxc5 {[%emt 0:00:05] The position is equal.} Bxc5 24. e4 $1 Rf2 25. Ra2 Rxa2 26. Kxa2 $11 {[%emt 0:00:01] KB-KB} h6 27. Kb3 Kf7 28. a4 Kf6 29. exd5 exd5 30. Bb5 Ke5 31. Bc6 Bf2 32. g4 Be1 33. Bb7 Kd4 34. Bc6 a5 35. Bb7 Ke5 36. Bc6 d4 37. Kc4 Bc3 38. Kd3 {[%emt 0:00:02] Weighted Error Value: White=0.10 (very precise) /Black=0.10 (very precise)} 1/2-1/2

[Event "Romanian Team Blitz Women 2022"]
[Site "Sebes"]
[Date "2022.12.04"]
[Round "5.5"]
[White "Cosma, Elena-Luminita"]
[Black "Ionescu, Irina"]
[Result "1/2-1/2"]
[ECO "D26"]
[WhiteElo "2244"]
[BlackElo "2119"]
[Annotator "TA"]
[PlyCount "95"]
[EventDate "2022.12.04"]
[EventType "blitz"]
[EventCountry "ROU"]
[SourceTitle "playchess.com"]
[Source "ChessBase"]
[SourceQuality "1"]
[TimeControl "180+2"]

1. d4 d5 2. c4 dxc4 3. Nf3 Nf6 4. e3 e6 5. Bxc4 a6 6. O-O Nbd7 {[%emt 0:00:01] D26: Queen's Gambit Accepted: 4 e3 e6 5 Bxc5 c5 sidelines.} 7. a3 b5 {[%emt 0:00:08] Inhibits b4.} 8. Be2 c5 {[%emt 0:00:02] Prevents b4.} 9. dxc5 Bxc5 10. b4 Be7 11. Bb2 O-O 12. Nbd2 Bb7 13. Nb3 Rc8 14. Rc1 Rxc1 15. Qxc1 {[%emt 0:00:01] [#]} Nb6 $146 ({Predecessor:} 15... Qa8 16. Qa1 Rc8 17. Rc1 Bd5 18. Nbd2 h6 19. h3 Qb7 20. Bf1 Rc7 {½-½ (30) Deac,B (2707)-Nihal,S (2673) Mayrhofen 2022}) 16. Nc5 Qa8 17. Nxb7 Qxb7 18. Nd4 Rc8 19. Qa1 Nc4 20. Bf3 Qd7 21. Rd1 Nxb2 22. Qxb2 Qc7 (22... Bf8 $5) 23. h3 h6 24. Nb3 Qc3 25. Qb1 {[%emt 0:00:02] [#] aiming for Rc1.} Rc7 26. g3 Qc2 27. Qxc2 Rxc2 28. Bb7 Rc3 29. Rb1 Rc2 ({Black should try} 29... Ne8 $11) 30. Nd4 ({But not} 30. Bxa6 Ne4 $11) 30... Ra2 31. Bxa6 Ne4 $1 {[%emt 0:00:02] The position is equal.} 32. Rf1 Rxa3 33. Bxb5 Bxb4 34. Nc2 {[%emt 0:00:03][%csl LRa3,LRb4] [#] Strongly threatening Bc6.} Rb3 35. Ba4 Rb2 36. Nxb4 Rxb4 $11 {[%emt 0:00:01][%mdl 4096] Endgame KRB-KRN} 37. Bc6 Nf6 38. Rd1 g6 39. h4 Kg7 40. Kg2 Rb2 41. Bf3 {[%emt 0:00:01] Against Ng4} g5 42. hxg5 hxg5 43. g4 Rb4 44. Kg3 Ne4+ 45. Bxe4 Rxe4 46. Ra1 Rb4 47. Ra5 Kg6 48. Kf3 {[%emt 0:00:03] Weighted Error Value: White=0.06 (flawless) /Black=0.06 (flawless)} 1/2-1/2

[Event "Romanian Team Blitz Women 2022"]
[Site "Sebes"]
[Date "2022.12.04"]
[Round "5.6"]
[White "Schiopu, Andreea-Alexandra"]
[Black "Ciolacu, Alessia-Mihaela"]
[Result "0-1"]
[ECO "A48"]
[WhiteElo "1716"]
[BlackElo "2097"]
[Annotator "TA"]
[PlyCount "92"]
[EventDate "2022.12.04"]
[EventType "blitz"]
[EventCountry "ROU"]
[SourceTitle "playchess.com"]
[Source "ChessBase"]
[SourceQuality "1"]
[TimeControl "180+2"]

1. d4 Nf6 2. Nf3 b6 3. Bf4 Bb7 4. e3 g6 5. Be2 Bg7 6. c3 d6 7. Nbd2 O-O 8. O-O c5 9. Rc1 {[%emt 0:00:19] A48: 1 d4 Nf6 2 Nf3 g6: Torre, London and Colle Systems.} Nh5 {[%emt 0:00:03] [#]} 10. Bg3 $146 ({Predecessor:} 10. Bg5 h6 11. Bh4 g5 12. Bg3 Nd7 13. Ne1 Nxg3 14. hxg3 e5 15. dxe5 Nxe5 16. Nc4 Nxc4 17. Bxc4 {½-½ (54) Schwertel,J (2048)-Krueger,E (2229) Finsterbergen 2003}) 10... Nxg3 11. hxg3 {[%emt 0:00:01] Black is slightly better.} Nc6 12. d5 Nb8 13. Nc4 b5 14. Na3 a6 15. Qd2 Nd7 16. Rfd1 Nf6 17. c4 b4 $36 {[%emt 0:00:38][%mdl 2048] White is under strong pressure.} 18. Nc2 (18. Nb1 $17) 18... Ne4 19. Qd3 f5 20. Qb3 Qd7 (20... a5 $19 21. a4 e6) 21. Nd2 $17 Nf6 {[%emt 0:00:14] Black has more active pieces.} 22. Ne1 a5 23. Nd3 a4 24. Qc2 h6 $2 (24... g5 $17 {White must now prevent ...a3.} 25. Bf3 a3) 25. Nf4 $16 Kh7 (25... Qe8 $16 {was worth a try.}) 26. Ne6 ({White should play} 26. g4 $18) 26... Rfb8 ({Better is} 26... Rg8) 27. Nf3 $2 (27. g4 $16) 27... Bh8 $2 (27... Bc8 $1 $11 {and Black is okay.}) 28. Nh4 {[%emt 0:00:03] Pair of Knights!} b3 29. axb3 axb3 30. Qd3 Ne4 $2 (30... Nxd5 31. cxd5 Ba6) 31. f3 $2 ({White must play} 31. g4 $18) 31... Nxg3 $11 {[%emt 0:00:03] Threatens to win with ...Bf6.} 32. Bf1 $2 (32. Kf2 $11 Be5 33. Rh1) 32... Bf6 33. Kh2 $2 (33. Nxg6 Kxg6 34. Kh2 Nxf1+ 35. Rxf1) 33... Bxh4 $19 34. e4 fxe4 35. fxe4 Nxf1+ 36. Rxf1 Bf6 37. Rf3 Bc8 $4 (37... Bxb2 38. Rc3 Qe8 39. Qd2 $11) (37... Qe8 $19 {and all is fine.} 38. Nc7 Qd7) 38. Qe3 $2 {[%emt 0:00:02] [#]} (38. Nf8+ $18 Kg7 39. Nxd7 Bxd7 40. Rcf1) 38... Qe8 $2 {[%emt 0:00:02][%mdl 8192] [#]} (38... Bxb2 $2 39. Qxh6+ $3 Kxh6 40. Rh3#) (38... Qxe6 $3 $17 39. dxe6 Be5+ 40. Kh1 Bxe6) 39. Rh3 $4 (39. Qxh6+ $1 Kg8 {[#]} 40. Rxf6 $1 Bxe6 41. Rxg6+ Qxg6 42. Qxg6+ Kh8 43. Kg3 Ra1 44. Rxa1 Bg8 45. Rh1+ Bh7 46. Rxh7#) 39... h5 (39... Bxb2 $2 {gets mated.} 40. Qxh6+ Kg8 41. Qh7#) 40. Rg3 Bxe6 41. dxe6 Qg8 42. Qf3 Qxe6 43. Rf1 Rf8 {[%emt 0:00:01] Black mates.} 44. Qe3 Bd4 45. Qd3 Rxf1 46. Qxf1 Be5 {[%emt 0:00:16] A wild game.   Weighted Error Value: White=1.33/Black=0.76} 0-1

[Event "Romanian Team Blitz Women 2022"]
[Site "Sebes"]
[Date "2022.12.04"]
[Round "6.1"]
[White "Ionica, Iulia-Ionela"]
[Black "Peptan, Corina-Isabela"]
[Result "1-0"]
[ECO "B47"]
[WhiteElo "2177"]
[BlackElo "2351"]
[Annotator "TA"]
[PlyCount "121"]
[EventDate "2022.12.04"]
[EventType "blitz"]
[EventCountry "ROU"]
[SourceTitle "playchess.com"]
[Source "ChessBase"]
[SourceQuality "1"]
[TimeControl "180+2"]

1. e4 c5 2. Nf3 e6 3. d4 cxd4 4. Nxd4 Nc6 5. Nc3 Qc7 6. g3 Nxd4 {[%emt 0:00:07] B47: Sicilian: Taimanov: 5 Nc3 Qc7 6 f4, 6 g3 and 6 Be2.} (6... a6 $11) 7. Qxd4 $14 {[%emt 0:00:02] Threatens to win with Nb5.} a6 {[%emt 0:00:00] Against Nb5} 8. Bf4 {[%emt 0:00:08] Inhibits b5. White is more active.} Qc5 {[%emt 0:00:44] [#] White is slightly better.} 9. Qd2 $146 (9. Qxc5 {simplifies} Bxc5 10. Bg2 b5 11. e5) ({Predecessor:} 9. Qd3 b5 10. Bg2 Bb7 11. a3 d6 12. Rd1 Rd8 13. O-O Be7 14. Be3 Qc7 15. f4 {1-0 (71) Seretakis,N (2100)-Kiriakopoulos,A (1859) Achaia 2017}) 9... Be7 (9... b5 $14) 10. Bg2 d6 {[%emt 0:00:06] Prevents e5.} 11. O-O-O $36 {[%emt 0:00:32][%cal Rf4d6][%mdl 2048] White has strong initiative.} e5 12. Be3 Qc4 13. Qd5 (13. Nd5 $16 {Strongly threatening Nb6.} Be6 14. b3) 13... Qxd5 (13... Qc7 $14) 14. Nxd5 $18 Bd8 {[%emt 0:00:50] Against Nc7+} 15. Nb6 Bxb6 16. Bxb6 Nf6 17. Rxd6 {[%emt 0:00:04] [#] And now Rd8+ would win.} O-O 18. Rhd1 Be6 19. b3 Rac8 20. Kb2 h6 21. f4 exf4 22. gxf4 {[%emt 0:00:01] Hoping for f5.} Bg4 {[%emt 0:00:01] Prevents f5.} 23. R1d2 Rfe8 24. e5 Nh7 25. Bxb7 {[%emt 0:00:02] This pair of bishops is nice.} Rb8 26. Be4 Nf8 27. Bc7 Rbc8 28. Bb6 Rb8 $1 {[%emt 0:00:01] Inhibits Bb7.} 29. a4 Ne6 30. f5 Ng5 31. Bc6 Bxf5 32. Bxe8 Rxe8 33. Rd8 Rxd8 34. Rxd8+ {[%emt 0:00:01][%mdl 4096] Endgame KRB-KBN} Kh7 35. c4 Nf3 36. c5 Nxe5 37. Rd5 f6 38. c6 Be4 39. Rd6 $2 (39. c7 {[%cal Od5e5] Black must now prevent Rxe5!} Bf5 40. Bd4) 39... Bxc6 40. Bd4 {[%emt 0:00:04] [#] aiming for Bxe5.} Bb7 $2 (40... Bxa4 41. Bxe5 Be8) 41. Bxe5 fxe5 {[%emt 0:00:01] KR-KB} 42. Kc3 Kg8 43. Rb6 Bg2 44. Rxa6 Kf7 45. Rd6 Ke7 46. Rd2 Bb7 47. b4 {[%emt 0:00:02] b5 is the strong threat.} Ke6 48. b5 e4 49. a5 {[%emt 0:00:01] White threatens a6 and mate.} Ke5 50. a6 {[%emt 0:00:01] White mates.} Bc8 51. a7 Bb7 52. Rd8 Kf4 53. a8=Q Bxa8 54. Rxa8 {[%emt 0:00:02] KR-K3P} e3 55. Kd3 g5 56. b6 Kf3 57. Re8 g4 58. b7 h5 59. b8=Q h4 60. Qe5 h3 61. Qxe3+ {[%emt 0:00:01] Weighted Error Value: White=0.34/Black=0.67} (61. Qg3# $142) 1-0

[Event "Romanian Team Blitz Women 2022"]
[Site "Sebes"]
[Date "2022.12.04"]
[Round "6.2"]
[White "Ionescu, Irina"]
[Black "Visanescu, Daria-Ioana"]
[Result "1-0"]
[ECO "B40"]
[WhiteElo "2119"]
[BlackElo "2117"]
[Annotator "TA"]
[PlyCount "92"]
[EventDate "2022.12.04"]
[EventType "blitz"]
[EventCountry "ROU"]
[SourceTitle "playchess.com"]
[Source "ChessBase"]
[SourceQuality "1"]
[TimeControl "180+2"]

1. e4 c5 2. Nf3 e6 3. b3 Nc6 4. Bb2 d5 5. exd5 exd5 6. Be2 {[%emt 0:00:12] B40: Sicilian: 2...e6, Unusual lines.} Nf6 7. O-O Be7 8. d4 {[%emt 0:00:01] The position is equal.} cxd4 9. Nxd4 O-O 10. Nd2 {[%emt 0:00:21] [#]} Qb6 $146 ({Predecessor:} 10... Bd6 11. N2f3 Ne4 12. Nxc6 bxc6 13. Qd4 Nf6 14. Rfe1 Bf5 15. Qd1 Ne4 16. Bf1 Bg4 {0-1 (66) Muniz Guevara,A (2001)-Hernandez Sosa,O (2096) Camajuani 2018}) 11. N2f3 Bd7 12. a3 Rfd8 13. Bd3 Bg4 14. Nf5 Bxf5 15. Bxf5 d4 16. Re1 a5 17. Bd3 Bc5 {[%emt 0:00:17] Black is on the road to losing.} 18. Bc4 Re8 19. Qd2 (19. Qd3 {seems wilder.} h6 20. Qg6 Qc7 21. Qf5) 19... Ne4 {[%emt 0:00:21] [#]} (19... Qc7 $14) 20. Bxf7+ $1 $16 Kxf7 {[%emt 0:00:05] [#]} 21. Rxe4 {[%emt 0:00:01][%mdl 576] Remove Defender, Decoy} Rxe4 22. Ng5+ Kg8 23. Nxe4 Rf8 24. Nxc5 Qxc5 25. Re1 b5 26. Qd3 Rd8 27. h4 b4 28. a4 Ne5 $2 (28... Qd5 29. Qb5 Kf7) 29. Qe4 Nc6 30. Qe6+ Kh8 $2 {[%emt 0:00:03] [#]} (30... Kf8 31. Re4 Qd6 32. Qf5+ Kg8) 31. Qe8+ $3 $18 Qf8 32. Qxc6 Rc8 33. Qe4 Rd8 34. Bxd4 h6 35. Be3 Re8 36. Qd4 Rd8 37. Qe5 Re8 38. Qxa5 Rc8 39. Re2 Rd8 40. Qc7 Rd1+ 41. Kh2 Rd8 42. Bc5 Qg8 43. Re7 Qd5 44. Qe5 (44. Rxg7 $142 Qe4 45. Rh7+ Qxh7 46. Qxd8+ Qg8 47. Bd4+ Kh7 48. Qe7+ Kg6 49. Qf6+ Kh7 50. h5 Qb8+ 51. g3 Qxg3+ 52. Kxg3 Kg8 53. Qg7#) 44... Qxe5+ {[%emt 0:00:02] White is clearly winning.} 45. Rxe5 Rb8 46. Re4 Kg8 {Weighted Error Value: White=0.11 (very precise) /Black=0.26 (precise)} 1-0